 Dungeon Crawl Stone Soup version 0.25-a0-701-gb30f108f01 (webtiles) character file.

Game seed: 1337081884181775494, levelgen mode: deterministic

6044 Conn the Thaumaturge (level 10, 0/63 HPs)
             Began as an Octopode Wizard on Apr 3, 2020.
             Was a Follower of Sif Muna.
             Slain by a wyvern (17 damage)
             ... on level 9 of the Dungeon.
             The game lasted 00:53:59 (9646 turns).

Conn the Thaumaturge (Octopode Wizard)              Turns: 9646, Time: 00:54:00

Health: 0/63       AC:  4    Str:  7 (10) XL:     10   Next: 87%
Magic:  1/20       EV: 18    Int: 15 (17) God:    Sif Muna [*.....]
Gold:   117        SH:  0    Dex: 10 (11) Spells: 14/26 levels left

rFire    + + .     SeeInvis .   G - +6 dagger of Sedok {vorpal, +Inv rF+ rC++ Int-3}
rCold    + . .     Gourm    .   (no shield)
rNeg     . . .     Faith    .   a - +1 hat
rPois    +         Spirit   .   o - amulet of rage
rElec    .         Reflect  .   i - ring of poison resistance
rCorr    .         Harm     .   d - +4 ring of evasion
MR       .....                  B - ring of fire
Stlth    ++++......             (no ring)
HPRegen  0.20/turn              (no ring)
MPRegen  0.17/turn              (no ring)
                                (no ring)
                                (no ring)

@: stab
A: almost no armour, stealthy swim, amphibious, 8 rings, constrict 8, yellow
scales 1, camouflage 1, blurry vision 1, low mp 1, gelatinous body 1
a: Channel Magic, Renounce Religion, Evoke Berserk Rage, Evoke Invisibility


You were on level 9 of the Dungeon.
You worshipped Sif Muna.
Sif Muna was aware of your devotion.
You were not hungry.

You visited 2 branches of the dungeon, and saw 10 of its levels.
You also visited: Ossuary.

You collected 558 gold pieces.
You spent 441 gold pieces at shops.

Inventory:

Hand Weapons
 b - a +0 short sword
 A - a +3 dagger
 D - a +2 dagger of electrocution
 G - the +6 dagger of Sedok (weapon) {vorpal, +Inv rF+ rC++ Int-3}
   (You bought it in a shop on level 8 of the Dungeon)

   It inflicts extra damage upon your enemies.
   It affects your intelligence (-3).
   It protects you from fire.
   It greatly protects you from cold.
   It lets you turn invisible.
 I - the +7 long sword "Beetleslayer" {vorpal, rElec Dex+2}
   (You found it on level 8 of the Dungeon)

   It inflicts extra damage upon your enemies.
   It affects your dexterity (+2).
   It insulates you from electricity.
Missiles
 g - 3 silver javelins (quivered)
 k - 59 sling bullets
Armour
 a - a +1 hat (worn)
 s - a +0 buckler
Jewellery
 d - a +4 ring of evasion (right tentacle)
 i - a ring of poison resistance (left tentacle)
 o - an amulet of rage (around mantle)
 B - a ring of fire (on tentacle)
Wands
 y - a wand of iceblast (9)
 z - a wand of scattershot (4)
 C - a wand of clouds (5)
 E - a wand of paralysis (12)
 F - a wand of acid (9)
Scrolls
 e - 11 scrolls of identify
 f - 6 scrolls of remove curse
 l - 5 scrolls of magic mapping
 m - a scroll of immolation
 n - 7 scrolls of teleportation
 u - a scroll of blinking
 v - 2 scrolls of fear
Potions
 h - a potion of cancellation
 j - 8 potions of curing
 p - a potion of flight
 q - a potion of brilliance
 r - a potion of degeneration
 t - 5 potions of heal wounds
 x - 3 potions of might
 H - a potion of haste
Comestibles
 c - 13 rations
 J - 2 chunks of flesh


   Skills:
 * Level 4.0 Fighting
 * Level 5.0(5.1) Short Blades
 + Level 0.5(3.1) Long Blades
 + Level 0.5 Throwing
 + Level 4.0 Dodging
 - Level 7.7 Stealth
 * Level 8.9 Spellcasting
 + Level 5.2 Conjurations
   Level 0.1 Hexes
 + Level 4.2 Summonings
 + Level 1.8 Translocations
 * Level 1.1 Fire Magic
 + Level 3.1 Air Magic
 + Level 2.4 Poison Magic
 * Level 4.5 Invocations
 + Level 0.4 Evocations


You had 14 spell levels left.
You knew the following spells:

 Your Spells              Type           Power        Failure   Level  Hunger
a - Magic Dart            Conj           ###.         1%          1    None
b - Blink                 Tloc           N/A          8%          2    None
c - Call Imp              Summ           ###.....     3%          2    None
d - Conjure Flame         Conj/Fire      ###.....     9%          3    #......
e - Mephitic Cloud        Conj/Pois/Air  ###.....     8%          3    #......
g - Summon Small Mammal   Summ           ###.         1%          1    None

Your spell library contained the following spells:

 Spells                   Type           Power        Failure   Level  Hunger
 Apportation              Tloc           ##....       5%          1    None
 Animate Skeleton         Necr           N/A          11%         1    None
 Corona                   Hex            #......      11%         1    None
 Slow                     Hex            #.......     16%         2    None


Dungeon Overview and Level Annotations

Branches:
Dungeon (9/15)             Temple (1/1) D:7         Ossuary (visited)
   Lair: D:8-11         Orc: D:9-12

Altars:
Ashenzari
Cheibriados
Dithmenos
Elyvilon
Fedhas
Gozag
Hepliaklqana
Kikubaaqudgha
Makhleb
Nemelex Xobeh
Okawaru
Qazlal
Ru
Sif Muna
Trog
Uskayaw
Vehumet
Wu Jian
Xom
Yredelemnul
Zin
The Shining One

Shops:
D:6 !   D:8 !(

Annotations:
D:9 Maurice


Innate Abilities, Weirdness & Mutations

You cannot wear most types of armour.
You are very stealthy in the water. (Stealth+)
You are amphibious.
You can wear up to eight rings at the same time.
You can use your tentacles to constrict eight enemies at once.
Your skin changes colour to match your surroundings (Stealth+).
Your rubbery body absorbs attacks. (AC +1, EV +1)
You are partially covered in yellow scales. (AC +2)
Scrolls take you a little longer to read.
Your magical capacity is low. (-10% MP)


Message History

Casting: Mephitic Cloud (safe; 6% risk of failure)
Confirm with . or Enter, or press ? or * to list all spells.
You blink.
The wyvern hisses angrily.
The deep elf mage gestures wildly while chanting.
Really read with blurry vision while enemies are nearby?
Okay, then.
It was a potion of degeneration.
There was something very wrong with that liquid.
You feel weakened.
You feel dopey.
You feel clumsy.
The troll grins madly.
The troll closely misses the two-headed ogre.
The troll claws the two-headed ogre.
The troll claws the two-headed ogre!
The wyvern bites you.
It was a potion of stabbing.
You feel ready to backstab. The wyvern bites you!!
* * * LOW HITPOINT WARNING * * *
The wyvern bites you!
You die...

#....e...........#
#.....###.##...#.#
#..####.'........#
#..#.#..######e..#
#..#.#.. #.#.#
#..T.## #T#.#
##..## #.#.#
##..##.######T..#
##.##.'.@lO.e..#
#e####.##..##.#
#.#...........#
#@...#.#.........#
#...#.#....##..##.#
##..#.####........#
#..##e# #........#
...##... #...#....#
...##.e###
#...#....#


You could see a two-headed ogre, a deep elf mage, a troll (confused) and a
wyvern.

Vanquished Creatures
  A two-headed ogre (D:8)
  The ghost of Kohma the Tainter, a novice GrVM of Ashenzari (D:7)
  Maggie (D:7)
  A hippogriff (D:8)
  Grinder (D:3)
  Sigmund (D:2)
  A wyvern (D:8)
  4 yaks (D:9)
  A hungry ghost (D:8)
  4 orc warriors
  2 sky beasts (D:5)
  A black bear (D:8)
  3 ogres
  A phantom (D:4)
  3 necrophages
  A centaur (D:7)
  2 big kobolds
  A bullfrog (D:6)
  3 water moccasin zombies (Ossuary)
  A scorpion (D:6)
  4 killer bees (D:8)
  6 howler monkeys
  4 hounds
  12 orc wizards
  5 crimson imps
  3 orc priests
  3 jellies
  A centaur skeleton (D:9)
  A bullfrog skeleton (D:9)
  An iguana (D:9)
  Ijyb (D:5)
  Natasha (D:2)
  6 worker ants
  2 big kobold zombies (Ossuary)
  2 hound zombies
  2 mummies
  A worker ant zombie (D:9)
  A gnoll (D:1)
  3 adders
  A shadow imp (D:9)
  2 oozes
  5 adder zombies
  An adder skeleton (D:6)
  30 orcs
  A giant cockroach (D:6)
  A gnoll zombie (Ossuary)
  12 goblins
  6 hobgoblins
  5 jackals
  12 kobolds
  5 quokkas
  4 bats
  4 frilled lizards
  5 hobgoblin zombies (Ossuary)
  2 kobold zombies (Ossuary)
  2 leopard gecko skeletons
  A leopard gecko zombie (D:6)
  An orc zombie (Ossuary)
  6 rats
199 creatures vanquished.

Vanquished Creatures (collateral kills)
  A water moccasin (D:8)
  2 ogres (D:5)
  A water moccasin zombie (Ossuary)
  A killer bee (D:8)
  Terence (D:2)
  A mummy (Ossuary)
  Robin (D:2)
  A howler monkey skeleton (D:5)
  An adder (D:2)
  An adder zombie (Ossuary)
  3 goblins (D:2)
  4 jackals (D:5)
  2 hobgoblin zombies (Ossuary)
  4 kobold zombies (Ossuary)
24 creatures vanquished.

Vanquished Creatures (others)
  A killer bee (D:8)
  An adder (D:3)
2 creatures vanquished.

Grand Total: 225 creatures vanquished

Notes
Turn   | Place    | Note
-------+----------+-------------------------------------------
     0 | D:1      | Conn the Octopode Wizard began the quest for the Orb.
     0 | D:1      | Reached XP level 1. HP: 11/11 MP: 4/4
   161 | D:1      | Reached XP level 2. HP: 12/17 MP: 0/6
   534 | D:1      | Reached XP level 3. HP: 21/21 MP: 5/8
   538 | D:1      | Learned a level 2 spell: Blink
   541 | D:1      | Learned a level 2 spell: Call Imp
   545 | D:1      | Learned a level 3 spell: Conjure Flame
  1141 | D:2      | Found a white marble altar of Elyvilon.
  1147 | D:2      | Noticed Terence
  1148 | D:2      | Noticed Sigmund
  1162 | D:2      | Killed Sigmund
  1162 | D:2      | Reached skill level 1 in Short Blades
  1162 | D:2      | Reached skill level 4 in Spellcasting
  1162 | D:2      | Reached XP level 4. HP: 11/27 MP: 0/10
  1162 | D:2      | Reached XP level 5. HP: 13/32 MP: 0/12
  1194 | D:2      | Killed Terence
  1668 | D:2      | Noticed Robin
  1690 | D:2      | Learned a level 3 spell: Mephitic Cloud
  1848 | D:3      | Learned a level 2 spell: Slow
  1907 | D:3      | Found a radiant altar of Vehumet.
  1911 | D:3      | Reached XP level 6. HP: 37/37 MP: 9/13
  2048 | D:3      | Noticed Grinder
  2071 | D:3      | Gained mutation: You are frail. (-10% HP) [potion of
                  | mutation]
  2071 | D:3      | Gained mutation: You have a pair of small antennae on your
                  | head. [potion of mutation]
  2071 | D:3      | Paralysed by Grinder for 2 turns
  2097 | D:3      | Paralysed by Grinder for 5 turns
  2107 | D:3      | Killed Grinder
  2107 | D:3      | Reached skill level 5 in Spellcasting
  2345 | D:2      | Noticed Natasha
  2361 | D:2      | Killed Natasha
  2412 | D:2      | Found a shattered altar of Ashenzari.
  2449 | D:2      | Killed Robin
  2840 | D:4      | Reached XP level 7. HP: 29/37 MP: 5/14
  3392 | D:4      | Learned a level 1 spell: Summon Small Mammal
  3483 | D:4      | Found a sacrificial altar of Ru.
  3552 | D:4      | Found a shadowy altar of Dithmenos.
  3555 | D:4      | Found a shimmering altar of Xom.
  3668 | D:5      | Entered Level 5 of the Dungeon
  3668 | D:5      | Found a sand-covered staircase.
  3673 | Ossuary  | Entered an ossuary
  4054 | Ossuary  | Reached skill level 6 in Spellcasting
  4276 | Ossuary  | Reached XP level 8. HP: 28/42 MP: 2/17
  4579 | D:5      | Reached skill level 1 in Fighting
  4667 | D:5      | Found a glowing golden altar of the Shining One.
  4696 | D:5      | Noticed Ijyb
  4706 | D:5      | Killed Ijyb
  5345 | D:5      | Lost mutation: You are frail. (-10% HP) [potion of
                  | mutation]
  5345 | D:5      | Lost mutation: You have a pair of small antennae on your
                  | head. [potion of mutation]
  5345 | D:5      | Gained mutation: Scrolls take you a little longer to read.
                  | [potion of mutation]
  5345 | D:5      | Gained mutation: Your magical capacity is low. (-10% MP)
                  | [potion of mutation]
  5345 | D:5      | Gained mutation: You are partially covered in yellow
                  | scales. (AC +2) [potion of mutation]
  5559 | D:5      | Reached skill level 5 in Stealth
  6075 | D:6      | Reached skill level 7 in Spellcasting
  6210 | D:6      | Found a sparkling altar of Nemelex Xobeh.
  6289 | D:6      | Reached XP level 9. HP: 53/53 MP: 17/17
  6344 | D:6      | Reached skill level 1 in Air Magic
  6546 | D:6      | Found Lesagas's Distillery.
  6557 | D:6      | Bought a potion of heal wounds for 70 gold pieces
  6557 | D:6      | Bought a potion of might for 56 gold pieces
  6919 | D:7      | Found a staircase to the Ecumenical Temple.
  6945 | Temple   | Entered the Ecumenical Temple
  7330 | D:7      | Found a large runed translucent door.
  7332 | D:7      | Found a large runed translucent door.
  7332 | D:7      | Noticed Kohma's ghost (novice GrVM)
  7413 | D:7      | Reached skill level 1 in Poison Magic
  7535 | D:7      | Noticed Maggie
  7543 | D:7      | Killed Maggie
  7972 | D:7      | Found a shimmering blue altar of Sif Muna.
  7975 | D:7      | Became a worshipper of Sif Muna the Loreminder
  8073 | D:8      | Reached skill level 1 in Invocations
  8080 | D:8      | Reached XP level 10. HP: 21/61 MP: 2/19
  8082 | D:8      | Noticed a two-headed ogre
  8331 | D:7      | Killed Kohma's ghost
  8331 | D:7      | Reached skill level 8 in Spellcasting
  8506 | D:8      | Found Pepit's Distillery.
  8516 | D:8      | Bought 2 potions of heal wounds for 140 gold pieces
  8540 | D:8      | Killed a two-headed ogre
  8540 | D:8      | Reached skill level 5 in Conjurations
  8655 | D:8      | Reached * piety under Sif Muna
  8937 | D:8      | Found Leong's Antique Weapon Shop.
  8951 | D:8      | Bought a dazzling dagger for 175 gold pieces
  8951 | D:8      | Identified the +6 dagger of Sedok {vorpal, +Inv rF+ rC++
                  | Int-3} (You bought it in a shop on level 8 of the Dungeon)
  8959 | D:8      | Got an encrusted long sword
  8960 | D:8      | Identified the +7 long sword "Beetleslayer" {vorpal, rElec
                  | Dex+2} (You found it on level 8 of the Dungeon)
  8984 | D:8      | Found a snail-covered altar of Cheibriados.
  9198 | D:9      | Reached skill level 5 in Short Blades
  9260 | D:9      | Reached skill level 1 in Fire Magic
  9596 | D:9      | Noticed a two-headed ogre
  9596 | D:9      | Noticed Maurice
  9605 | D:9      | Noticed a deep elf mage
  9646 | D:9      | Slain by a wyvern

Levels and vault maps discovered:
D:1:      scummos_arrival_hexagon, layout_basic, minmay_crystal_water
D:2:      layout_loops_corners, elyvilon_altar_5, marbit_many_paths,
          first_ration, serial_bayou_lake_a, uniq_robin, uniq_natasha,
          uniq_sigmund, uniq_terence
D:3:      layout_rooms, fiery_altar_vehumet, uniq_grinder
D:4:      layout_rooms, nicolae_ru_awakened_eye, minitemple
D:5:      layout_gridville, kennysheep_little_box, enter_ossuary_1,
          chequers_garden, uniq_ijyb
D:6:      layout_basic, nemelex_xobeh_ov_fountains_minmay, serial_shops, shop,
          chequers_hall_statues_y
D:7:      layout_loops_ring, lemuel_blue_sif_altar, temple_statues,
          ebering_ghost_disaster_area, uniq_maggie
D:8:      layout_rooms, slow_altar_2, serial_shops, kennysheep_mini_moat, shop
D:9:      minmay_the_grid_octo_tiled_squarecenter [minmay_the_grid_octo_horde,
          minmay_the_grid_octo_toaster, minmay_the_grid_octo_checkered,
          minmay_the_grid_octo_chip,
          minmay_the_grid_square_5x5_megaprize_checkered,
          minmay_the_grid_square_5x5_eight_small,
          minmay_the_grid_square_5x5_broken_cross,
          minmay_the_grid_square_5x5_corner,
          minmay_the_grid_square_5x5_inner_i], layout_stronghold, uniq_maurice,
          uniq_gastronok
Temple:   hc_temple_tempest_star

Skill      XL: |  1  2  3  4  5  6  7  8  9 10 |
---------------+-------------------------------+-----
Stealth        | 3 4 6 7 |  7.7
Short Blades   | 1 2 3 4 5 |  5.0
Spellcasting   | 4 5 6 7 8 |  8.9
Conjurations   | 2 3 4 5 |  5.2
Summonings     | 2 3 4 |  4.2
Dodging        | 3 4 |  4.0
Fighting       | 1 2 4 |  4.0
Air Magic      | 3 |  3.1
Poison Magic   | 2 |  2.4
Invocations    | 1 4 |  4.5
Fire Magic     | 1 |  1.1
Long Blades    | |  0.5
Throwing       | |  0.5
Hexes          | |  0.1
Translocations | |  1.8
Evocations     | |  0.4

Action                   |  1- 3 |  4- 6 |  7- 9 | 10-12 || total
-------------------------+-------+-------+-------+-------++-------
Melee: Short sword       |    22 |    66 |   109 |       ||   197
       Tentacles         |     7 |     4 |    30 |    13 ||    54
       Constrict         |     5 |    12 |    51 |    12 ||    80
       Dagger            |       |       |   141 |    77 ||   218
       Long sword        |       |       |       |     6 ||     6
Throw: Javelin           |       |     1 |     4 |     2 ||     7
 Cast: Magic Dart        |    41 |    25 |    79 |    61 ||   206
       Call Imp          |     3 |    13 |    48 |    15 ||    79
       Mephitic Cloud    |       |     5 |    22 |    14 ||    41
       Blink             |       |     1 |     4 |     4 ||     9
       Conjure Flame     |       |     1 |     1 |     2 ||     4
       Slow              |       |       |     2 |       ||     2
       Summon Small Mamm |       |       |     5 |     6 ||    11
Evoke: Wand              |       |       |     4 |     2 ||     6
  Use: Potion            |       |     3 |     2 |     3 ||     8
       Scroll            |       |       |    12 |       ||    12
 Stab: Sleeping          |     2 |     3 |    18 |       ||    23
       Confused          |       |       |     8 |     7 ||    15
       Distracted        |       |       |     2 |       ||     2
  Eat: Chunk             |     1 |     5 |    10 |     5 ||    21
       Ration            |       |       |     2 |       ||     2
Armor: Skin              |       |    20 |    13 |     9 ||    42
Dodge: Dodged            |    27 |    35 |   151 |    69 ||   282
       Rpst.: Long sword |       |       |       |     1 ||     1

Table legend:
 A = Non-vault XP
 B = Vault XP
 C = Vault XP percentage of total XP
 D = Non-vault monster count
 E = Vault monster count
 F = Vault count percentage of total count
                 A         B        C        D         E       F
            +---------+---------+-------+---------+---------+-------
      Total |    6370 |    2265 |  26.2 |     166 |      59 |  26.2
            +---------+---------+-------+---------+---------+-------
        D:1 |      46 |       0 |   0.0 |      18 |       0 |   0.0
        D:2 |      20 |     296 |  93.7 |       7 |      16 |  69.6
        D:3 |      26 |     221 |  89.5 |      10 |       1 |   9.1
        D:4 |     275 |       0 |   0.0 |      10 |       0 |   0.0
        D:5 |     576 |      36 |   5.9 |      17 |       1 |   5.6
        D:6 |    1075 |       0 |   0.0 |      31 |       0 |   0.0
        D:7 |     922 |     951 |  50.8 |      33 |       2 |   5.7
        D:8 |    2612 |      18 |   0.7 |      31 |       1 |   3.1
        D:9 |     818 |     364 |  30.8 |       9 |      11 |  55.0
    Ossuary |       0 |     379 | 100.0 |       0 |      27 | 100.0
            +---------+---------+-------+---------+---------+-------
